 Dungeon Crawl Stone Soup version 0.23.0-3-gf3c87f2 (webtiles) character file.

Game seed: 285117813859338381

187483 sking99 the Severer (level 17, -3/166 HPs)
             Began as a Minotaur Berserker on Feb 23, 2019.
             Was the Champion of Trog.
             Shot with an arrow by Vashnia (19 damage)
             ... on level 4 of the Snake Pit on Feb 24, 2019.
             The game lasted 01:16:29 (29135 turns).

sking99 the Severer (Minotaur Berserker)           Turns: 29135, Time: 01:16:30

Health: -3/166     AC: 29    Str: 22    XL:     17   Next: 88%
Magic:  34/34      EV: 17    Int:  4    God:    Trog [******]
Gold:   2611       SH:  0    Dex: 15    Spells: 16/16 levels left

rFire    + . .     SeeInvis .   T - +7 battleaxe (vamp)
rCold    x . .     Gourm    .   (shield currently unavailable)
rNeg     . . .     Faith    .   x - +2 plate armour {MR+}
rPois    +         Spirit   .   L - +0 hat {MR+}
rElec    +         Reflect  .   z - +0 cloak "Fuebol" {rF+ MP+9}
rCorr    .         Harm     .   g - +1 pair of gloves "Fiqefiq" {rElec rC- MP+9 Str-2}
MR       +++..                  (no boots)
Stlth    ..........             j - amulet of regeneration
HPRegen  0.77/turn              l - ring of poison resistance
MPRegen  0.24/turn              d - +5 ring of protection

@: lethally poisoned (-3 -> -9), about to teleport, berserk cooldown, slowed,
very slow
A: retaliatory headbutt, horns 2
a: Berserk, Trog's Hand, Brothers in Arms, Renounce Religion


You were on level 4 of the Snake Pit.
You worshipped Trog.
Trog was exalted by your worship.
You were not hungry.

You visited 4 branches of the dungeon, and saw 27 of its levels.
You also visited: Gauntlet and Ice Cave.

You collected 3570 gold pieces.
You spent 959 gold pieces at shops.

Inventory:

Hand Weapons
 G - a +6 antimagic battleaxe
 T - a +7 vampiric battleaxe (weapon)
 W - the +6 battleaxe "Keirch" {flame, rElec Dex+3}
   (You bought it in a shop on level 2 of the Orcish Mines)

   It has been specially enchanted to burn those struck by it, causing extra
   injury to most foes and up to half again as much damage against particularly
   susceptible opponents.
   Big, fiery blades are also staple armaments of hydra-hunters.
   It affects your dexterity (+3).
   It insulates you from electricity.
 Z - a +2 executioner's axe of freezing
Missiles
 a - 3 throwing nets (quivered)
Armour
 g - the +1 pair of gloves "Fiqefiq" (worn) {rElec rC- MP+9 Str-2}
   (You found it in a Gauntlet)

   It affects your strength (-2).
   It makes you vulnerable to cold.
   It insulates you from electricity.
   It affects your magic capacity (+9).
 x - a +2 plate armour of magic resistance (worn)
 z - the +0 cloak "Fuebol" (worn) {rF+ MP+9}
   (You acquired it on level 14 of the Dungeon)

   It protects you from fire.
   It affects your magic capacity (+9).
 L - a +0 hat of magic resistance (worn)
 X - a +1 pair of gloves
Jewellery
 d - a +5 ring of protection (right hand)
 j - an amulet of regeneration (around neck)
 l - a ring of poison resistance (left hand)
 w - an uncursed ring of fire
 Y - an uncursed ring of protection from cold
Wands
 b - a wand of paralysis (26)
 q - a wand of acid (24)
 r - a wand of digging (3)
 I - a wand of clouds (11)
 Q - a wand of enslavement (26)
 R - a wand of iceblast (26)
Scrolls
 o - 10 scrolls of remove curse
 p - 2 scrolls of teleportation
 s - 2 scrolls of brand weapon
 v - 2 scrolls of identify
 y - 4 scrolls of fog
 B - a scroll of noise {unknown}
 C - 2 scrolls of random uselessness {unknown}
 D - 3 scrolls of enchant armour
 F - a scroll of summoning {unknown}
 J - 3 scrolls of silence
 O - 5 scrolls of magic mapping
 P - a scroll of blinking {unknown}
 U - 2 scrolls of vulnerability {unknown}
 V - a scroll of holy word {unknown}
Potions
 e - 13 potions of curing
 f - 9 potions of flight
 h - 5 potions of cancellation
 i - 2 potions of heal wounds
 k - 2 potions of resistance
 m - 8 potions of haste
 n - 8 potions of brilliance
 t - 2 potions of invisibility
 u - 4 potions of might
 E - 2 potions of agility
 H - 2 potions of ambrosia
 K - a potion of mutation
 M - 3 potions of magic
Comestibles
 c - 34 rations


   Skills:
 + Level 18.4 Fighting
 - Level 20.0 Axes
 + Level 18.3 Armour
 + Level 17.0 Dodging


You had 16 spell levels left.
You didn't know any spells.
Your spell library was empty.

Dungeon Overview and Level Annotations

Branches:
Dungeon (15/15)            Temple (0/1) D:5            Lair (6/6) D:8
 Shoals (0/4) Lair:3        Snake (4/4) Lair:4        Slime (0/5) Lair:6
    Orc (2/2) D:11            Elf (0/3) Orc:2        Vaults (0/5) D:13
 Depths (0/5) D:15

Altars:
Ashenzari
Elyvilon
Fedhas
Gozag
Kikubaaqudgha
Makhleb
Okawaru
Sif Muna
Trog
Vehumet
Jiyva

Shops:
D:4 [   D:8 *   D:15 !   Orc:2 =[(   Snake:2 }((*   Snake:4 }

Annotations:
D:2 Sigmund
D:5 5 runed translucent doors
Lair:5 exclusion: 2 oklob plants
Snake:1 2 runed translucent doors, EtherCrawl's ghost, journeyman SpAM
Snake:4 Vashnia


Innate Abilities, Weirdness & Mutations

You reflexively headbutt those who attack you in melee.
You have a pair of horns on your head.


Message History

You escape the nagaraja's grasp.
You feel very sick.
The nagaraja hits you from afar with a +0 spear.
* * * LOW HITPOINT WARNING * * *
The naga sharpshooter mumbles some strange words.
The naga sharpshooter magically shoots a bolt.
The bolt hits you but does no damage. The naga closely misses you.
You furiously retaliate!
You headbutt the naga. The naga closely misses you.
The nagaraja spits poison at you.
The splash of poison hits you but does no damage.
You resist.
The naga sharpshooter gestures wildly while chanting.
The naga sharpshooter magically shoots a bolt.
The bolt hits you but does no damage.
You see here 3 bolts.
You feel very sick.
The naga sharpshooter shoots a bolt.
The bolt misses you.
Vashnia mumbles some strange words.
Vashnia magically shoots an arrow.
The arrow hits you!!
You die...

........#(.(.)...#ยง......#
......)))))(#.)......#####
.....#####.().N.###### ..##
#()....# #.(....# #..N)..#
#.(....# ...#####(N....#
.......@N........
......#........#.. .....
#........# . ###.
........... # ###......###
#.[....# #......# (.#...#


You could see Vashnia, a nagaraja, a naga sharpshooter and a naga.

Vanquished Creatures
  Frances (Snake:2)
  Kirke (Lair:4)
  2 orc warlords
  5 nagarajas
  A frost giant (IceCv)
  Azrael (D:14)
  A minotaur (Gauntlet)
  A fire dragon (D:15)
  Josephine (Lair:4)
  4 vault guards (D:13)
  5 hydras
  7 anacondas
  16 naga warriors
  An ice dragon (Lair:6)
  2 centaur warriors (D:14)
  12 two-headed ogres
  2 ogre magi
  A tengu warrior (Gauntlet)
  4 orc high priests (Orc:2)
  15 naga sharpshooters
  4 shock serpents
  Urug (Lair:4)
  Nergalle (D:11)
  2 salamander mystics
  A fire crab (Gauntlet)
  A sixfirhy (Gauntlet)
  5 skeletal warriors (D:15)
  5 sea snakes (Snake:4)
  3 wizards
  3 unseen horrors
  8 naga ritualists
  2 lindwurms (Lair:6)
  5 orc knights
  19 mana vipers
  Pikel (D:4)
  A wolf spider zombie (D:15)
  7 salamanders
  5 orc sorcerers
  3 deep elf magi (D:15)
  A manticore (D:11)
  3 ugly things
  5 cyclopes
  10 elephants
  A guardian serpent (shapeshifter) (D:12)
  9 naga magi
  4 guardian serpents
  An ice statue (IceCv)
  32 black mambas
  5 torpor snails (Lair:6)
  Joseph (D:8)
  15 spiny frogs
  A gargoyle (D:15)
  An efreet (D:13)
  A minotaur zombie (Gauntlet)
  5 komodo dragons
  A rime drake (Lair:4)
  2 ice devils (Lair:4)
  2 tengu conjurers
  3 tyrant leeches (Lair:6)
  12 trolls
  2 merfolk (Lair:3)
  A wind drake (shapeshifter) (D:10)
  24 polar bears
  A polar bear (shapeshifter) (D:15)
  15 hornets
  7 slime creatures
  7 hippogriffs
  A meliai zombie (D:14)
  7 dream sheep (Lair:5)
  4 shadows
  9 wraiths
  12 spriggans (Lair:5)
  6 wyverns
  4 fire elementals (D:14)
  4 hogs (Lair:4)
  6 vampire mosquitoes
  A human (D:11)
  97 yaks
  2 basilisks
  3 fire bats (Gauntlet)
  3 hungry ghosts
  A steam dragon (D:9)
  5 wargs
  An acid dragon (D:14)
  52 nagas
  A soldier ant (D:13)
  14 water moccasins
  A swamp drake (D:8)
  11 porcupines
  2 hell hounds (D:14)
  28 orc warriors
  7 sky beasts
  3 ice beasts (D:7)
  7 black bears (Lair:1)
  14 ogres
  A hornet zombie (D:8)
  2 necrophages
  5 phantoms
  32 wolves
  17 centaurs
  A tengu (shapeshifter) (D:14)
  3 boggarts (Lair:5)
  22 crocodiles
  2 big kobolds
  A wyvern zombie (D:13)
  26 bullfrogs
  A gnoll sergeant (D:6)
  A water moccasin zombie (D:12)
  8 scorpions
  10 killer bees
  10 wights (D:12)
  5 electric eels
  A howler monkey (D:4)
  7 crimson imps
  5 centaur zombies
  A bullfrog zombie (D:8)
  A quasit (D:14)
  5 jellies
  5 hounds
  16 orc priests
  A gnoll shaman (D:8)
  Natasha (D:2)
  4 bullfrog skeletons
  4 centaur skeletons
  3 iguanas
  21 orc wizards
  6 worker ants
  A killer bee zombie (D:9)
  A hound zombie (D:9)
  2 hound skeletons
  Robin (D:4)
  A howler monkey zombie (D:11)
  6 gnolls
  18 adders
  6 shadow imps
  4 ufetubi (Gauntlet)
  2 oozes
  3 adder skeletons
  2 worms
  A dart slug (D:1)
  3 leopard geckos
  80 orcs
  A ball python (D:8)
  7 bats
  5 giant cockroaches
  8 goblins
  16 hobgoblins
  16 jackals
  6 quokkas
  5 frilled lizards
  21 kobolds
  A quokka skeleton (D:4)
  A quokka zombie (D:5)
  7 rats
  7 fungi
  7 plants
1105 creatures vanquished.

Vanquished Creatures (collateral kills)
  3 hydras
  A naga sharpshooter (Snake:4)
  Psyche (D:11)
  2 spiny frogs (Lair:1)
  A naga mage (Snake:4)
  A yak (Lair:6)
  A vampire mosquito (D:12)
  2 nagas (Snake:4)
  A porcupine (Lair:1)
  3 wolves (Lair:1)
  A centaur (D:8)
  2 crocodiles
19 creatures vanquished.

Vanquished Creatures (others)
  A naga warrior (Snake:4)
  A basilisk (D:8)
  A human (Lair:4)
  A meliai simulacrum (D:14)
  3 wolves (IceCv)
  An orc (D:14)
  4 fungi
  9 plants
21 creatures vanquished.

Grand Total: 1145 creatures vanquished

Notes
Turn   | Place    | Note
-------+----------+-------------------------------------------
     0 | D:1      | sking99 the Minotaur Berserker began the quest for the Orb.
     0 | D:1      | Reached XP level 1. HP: 19/19 MP: 0/0
   261 | D:1      | Reached XP level 2. HP: 18/27 MP: 1/1
   367 | D:1      | Reached skill level 4 in Axes
   781 | D:1      | Reached XP level 3. HP: 33/33 MP: 2/2
   836 | D:1      | Reached ** piety under Trog
  1142 | D:2      | Found an opulent altar of Gozag.
  1186 | D:2      | Reached XP level 4. HP: 40/40 MP: 3/3
  1242 | D:2      | Reached skill level 5 in Axes
  1275 | D:2      | Reached XP level 5. HP: 31/47 MP: 4/4
  1441 | D:2      | Noticed Sigmund
  1442 | D:2      | Noticed Natasha
  1986 | D:2      | Killed Natasha
  2338 | D:3      | Reached *** piety under Trog
  2728 | D:4      | Reached XP level 6. HP: 52/55 MP: 5/5
  2730 | D:4      | Reached skill level 6 in Axes
  2731 | D:4      | Reached skill level 5 in Fighting
  3085 | D:4      | Reached XP level 7. HP: 61/61 MP: 6/6
  3208 | D:4      | Reached skill level 7 in Axes
  3253 | D:4      | Noticed Pikel
  3261 | D:4      | Killed Pikel
  3261 | D:4      | Reached skill level 8 in Axes
  3261 | D:4      | Reached skill level 5 in Armour
  3261 | D:4      | Reached skill level 5 in Dodging
  3261 | D:4      | Reached XP level 8. HP: 70/70 MP: 7/7
  3323 | D:4      | Found Bikuewea's Antique Armour Boutique.
  3364 | D:4      | Noticed Robin
  3371 | D:4      | Killed Robin
  3371 | D:4      | Reached **** piety under Trog
  4121 | D:5      | Entered Level 5 of the Dungeon
  4121 | D:5      | Found a staircase to the Ecumenical Temple.
  4212 | D:5      | Found the +9 staff of Olgreb {rPois}
  4486 | D:5      | Found a runed translucent door.
  4495 | D:5      | Found a runed translucent gate.
  4497 | D:5      | Found a runed translucent gate.
  4497 | D:5      | Found a runed translucent gate.
  4505 | D:5      | Found a runed translucent door.
  4808 | D:6      | Reached skill level 9 in Axes
  5046 | D:6      | Found a burning altar of Makhleb.
  5046 | D:6      | Found a deep blue altar of Sif Muna.
  5047 | D:6      | Found a blossoming altar of Fedhas.
  5157 | D:6      | Reached XP level 9. HP: 61/79 MP: 8/8
  5368 | D:6      | Found a shattered altar of Ashenzari.
  5471 | D:7      | Reached skill level 10 in Axes
  6276 | D:8      | Noticed Joseph
  6283 | D:8      | Reached ***** piety under Trog
  6293 | D:8      | Killed Joseph
  6361 | D:8      | Reached skill level 11 in Axes
  6530 | D:8      | Found Hamuwob's Profane Products.
  6532 | D:8      | Found an ancient bone altar of Kikubaaqudgha.
  6558 | D:8      | Noticed a six-headed hydra
  6583 | D:8      | Killed a seven-headed hydra
  6583 | D:8      | Reached XP level 10. HP: 78/90 MP: 9/9
  7164 | D:8      | Reached skill level 12 in Axes
  7188 | D:8      | Found a staircase to the Lair.
  8140 | D:10     | Entered Level 10 of the Dungeon
  8178 | D:10     | Noticed Sonja
  8181 | D:10     | Noticed Sonja
  8181 | D:10     | Sonja changed into Sonja the shapeshifter
  8182 | D:10     | Noticed Sonja
  8182 | D:10     | Sonja the shapeshifter changed into Sonja the wind drake
  8201 | D:10     | Killed Sonja the wind drake
  8394 | D:10     | Reached XP level 11. HP: 81/99 MP: 10/10
  8397 | D:10     | Reached skill level 13 in Axes
  8609 | D:10     | Found a white marble altar of Elyvilon.
  8943 | D:11     | Noticed Nergalle
  8952 | D:11     | Reached skill level 10 in Fighting
  8954 | D:11     | Killed Nergalle
  9240 | D:11     | Found a staircase to the Orcish Mines.
  9243 | D:11     | Received a gift from Trog
  9252 | D:11     | Reached skill level 10 in Armour
  9260 | D:11     | Noticed a two-headed ogre
  9263 | D:11     | Noticed a two-headed ogre
  9427 | D:11     | Killed an unseen horror
  9547 | D:11     | Killed a two-headed ogre
  9593 | D:11     | Killed a two-headed ogre
  9593 | D:11     | Reached skill level 14 in Axes
  9765 | D:11     | Noticed Psyche
  9776 | D:11     | Killed an unseen horror
  9776 | D:11     | Killed Psyche
  9906 | D:11     | Noticed a two-headed ogre
  9915 | D:11     | Killed a two-headed ogre
 10352 | D:12     | Noticed a cyan ugly thing
 10366 | D:12     | Killed a cyan ugly thing
 10366 | D:12     | Reached XP level 12. HP: 110/110 MP: 3/11
 10396 | D:12     | Noticed a two-headed ogre
 10403 | D:12     | Killed a two-headed ogre
 10403 | D:12     | Reached skill level 10 in Dodging
 10639 | D:12     | Noticed an eight-headed hydra
 10656 | D:12     | Reached skill level 15 in Axes
 10995 | Lair:1   | Entered Level 1 of the Lair of Beasts
 11000 | Lair:1   | Noticed a seven-headed hydra
 11007 | Lair:1   | Killed a seven-headed hydra
 11067 | Lair:1   | Noticed a seven-headed hydra
 11083 | Lair:1   | Killed a nine-headed hydra
 12079 | Lair:2   | Noticed a six-headed hydra
 12087 | Lair:2   | Killed a six-headed hydra
 12342 | Lair:2   | Reached skill level 16 in Axes
 13095 | Lair:3   | Reached XP level 13. HP: 108/118 MP: 4/12
 13526 | Lair:3   | Found a staircase to the Shoals.
 13541 | Lair:3   | Received a gift from Trog
 13551 | Lair:3   | Identified a scroll of acquirement
 14121 | Lair:4   | Found a frozen archway.
 14136 | IceCv    | Entered an ice cave
 15086 | IceCv    | Noticed a frost giant
 15117 | IceCv    | Killed a frost giant
 15117 | IceCv    | Reached skill level 17 in Axes
 15137 | IceCv    | Found the ring of Shadows {Umbra +Inv Stlth+}
 15354 | Lair:4   | Noticed Kirke
 15374 | Lair:4   | Killed Kirke
 15438 | Lair:4   | Noticed Urug
 15449 | Lair:4   | Killed Urug
 15656 | Lair:4   | Received a gift from Trog
 15657 | Lair:4   | Got a steaming battleaxe {god gift}
 15658 | Lair:4   | Identified the +10 battleaxe "Meocvel" {venom, rN+} (Trog
                  | gifted it to you on level 4 of the Lair of Beasts)
 15682 | Lair:4   | Noticed Josephine
 15694 | Lair:4   | Killed Josephine
 15697 | Lair:4   | Reached XP level 14. HP: 129/129 MP: 13/13
 15758 | Lair:4   | Found a staircase to the Snake Pit.
 16292 | Lair:5   | Found a gate leading to a gauntlet.
 16314 | Gauntlet | Entered a Gauntlet
 16314 | Gauntlet | Found a transporter.
 16314 | Gauntlet | Found a transporter.
 16314 | Gauntlet | Found a transporter.
 16419 | Gauntlet | Found a transporter.
 16420 | Gauntlet | Found a transporter.
 16436 | Gauntlet | Found a transporter.
 16436 | Gauntlet | Found a large runed translucent door.
 16436 | Gauntlet | Found a large runed translucent door.
 16471 | Gauntlet | Got a pair of jewelled gloves
 16483 | Gauntlet | Identified the +1 pair of gloves "Fiqefiq" {rElec rC- MP+9
                  | Str-2} (You found it in a Gauntlet)
 16503 | Gauntlet | Found a large runed translucent door.
 16503 | Gauntlet | Found a large runed translucent door.
 16503 | Gauntlet | Found a runed translucent door.
 16503 | Gauntlet | Found a runed translucent door.
 16503 | Gauntlet | Found a large runed translucent door.
 16503 | Gauntlet | Found a large runed translucent door.
 16503 | Gauntlet | Found a large runed translucent door.
 16503 | Gauntlet | Found a large runed translucent door.
 16503 | Gauntlet | Found a large runed translucent door.
 16503 | Gauntlet | Found a large runed translucent door.
 16504 | Gauntlet | Found a large runed translucent door.
 16504 | Gauntlet | Found a large runed translucent door.
 16505 | Gauntlet | Found a large runed translucent door.
 16505 | Gauntlet | Found a large runed translucent door.
 16505 | Gauntlet | Found a large runed translucent door.
 16505 | Gauntlet | Found a large runed translucent door.
 16506 | Gauntlet | Found a runed translucent gate.
 16506 | Gauntlet | Found a runed translucent gate.
 16506 | Gauntlet | Found a runed translucent gate.
 16507 | Gauntlet | Found a transporter.
 16509 | Gauntlet | Found a transporter.
 16548 | Gauntlet | Found a transporter.
 16557 | Gauntlet | Reached skill level 18 in Axes
 16566 | Gauntlet | Found a transporter.
 16572 | Gauntlet | Found a transporter.
 16613 | Gauntlet | Found a transporter.
 16655 | Gauntlet | Identified the Handbook of Transformation
 16888 | Lair:5   | Found a bloodstained altar of Trog.
 17110 | Lair:5   | Received a gift from Trog
 17974 | Lair:6   | Entered Level 6 of the Lair of Beasts
 18130 | Lair:6   | Received a gift from Trog
 18176 | Lair:6   | Found a runed translucent door.
 18374 | Lair:6   | Reached skill level 19 in Axes
 18735 | Lair:6   | Reached XP level 15. HP: 139/139 MP: 14/14
 18919 | Lair:6   | Found a staircase to the Slime Pits.
 18919 | Lair:6   | Found a viscous altar of Jiyva.
 18941 | Lair:6   | Received a gift from Trog
 19516 | Orc:1    | Entered Level 1 of the Orcish Mines
 19521 | Orc:1    | Noticed an orc warlord
 19544 | D:11     | Killed an orc warlord
 19729 | Orc:2    | Entered Level 2 of the Orcish Mines
 19784 | Orc:2    | Found Newien's Antique Armour Boutique.
 19821 | Orc:2    | Bought a brightly glowing plate armour for 672 gold pieces
 19831 | Orc:2    | Identified the cursed +0 plate armour "Umeti" {Stlth+} (You
                  | bought it in a shop on level 2 of the Orcish Mines)
 19875 | Orc:2    | Reached ****** piety under Trog
 20074 | Orc:2    | Found Toetawnok's Jewellery Shoppe.
 20320 | Orc:2    | Received a gift from Trog
 20355 | Orc:2    | Found Ekoazosk's General Store.
 20418 | Orc:2    | Found a staircase to the Elven Halls.
 20428 | Orc:2    | Found Agireask's Antique Weapon Shop.
 20428 | Orc:2    | Noticed an orc warlord
 20452 | Orc:2    | Killed an orc warlord
 20452 | Orc:2    | Reached skill level 15 in Fighting
 20482 | Orc:2    | Bought a brightly glowing battleaxe for 287 gold pieces
 20503 | Orc:2    | Identified the +6 battleaxe "Keirch" {flame, rElec Dex+3}
                  | (You bought it in a shop on level 2 of the Orcish Mines)
 21242 | D:13     | Found an iron altar of Okawaru.
 21286 | D:13     | You fall through a shaft for 2 floors!
 21286 | D:15     | Entered Level 15 of the Dungeon
 21401 | D:15     | Reached skill level 20 in Axes
 21411 | D:15     | Found a shattered altar of Ashenzari.
 21431 | D:15     | Reached skill level 15 in Armour
 21444 | D:15     | Received a gift from Trog
 21445 | D:15     | Got a bloodstained longbow {god gift}
 21731 | D:15     | Found Ceowimas's Distillery.
 22109 | D:15     | Found a staircase to the Depths.
 22344 | D:14     | Noticed Azrael
 22354 | D:14     | Reached XP level 16. HP: 149/149 MP: 15/15
 22361 | D:14     | Killed Azrael
 22521 | D:14     | Found the +4 dagger "Morg" {pain, MR+ Int+5}
 22617 | D:14     | Received a gift from Trog
 23012 | D:14     | Got a shimmering cloak
 23023 | D:14     | Identified the +0 cloak "Fuebol" {rF+ MP+9} (You acquired
                  | it on level 14 of the Dungeon)
 23194 | D:13     | Found a gate to the Vaults.
 23420 | D:13     | Reached skill level 15 in Dodging
 24505 | Snake:1  | Entered Level 1 of the Snake Pit
 24614 | Snake:1  | Found a large runed translucent door.
 24614 | Snake:1  | Found a large runed translucent door.
 24645 | Snake:1  | Noticed EtherCrawl's ghost (journeyman SpAM)
 25303 | Snake:2  | Noticed Frances
 25312 | Snake:2  | Killed Frances
 25522 | Snake:2  | Found Xueshaiv's Weapon Emporium.
 25654 | Snake:2  | Found Cueneu's Weapon Emporium.
 25677 | Snake:2  | Found Houvosch's Gadget Shop.
 25867 | Snake:2  | Received a gift from Trog
 25876 | Snake:2  | Found Jatod's Assorted Antiques.
 26681 | Snake:3  | Reached XP level 17. HP: 138/161 MP: 16/16
 26974 | Snake:3  | Received a gift from Trog
 27170 | Snake:3  | Found a radiant altar of Vehumet.
 27451 | Snake:4  | Entered Level 4 of the Snake Pit
 27633 | Snake:4  | Found Tyrigoto's Gadget Shop.
 27786 | Snake:4  | Received a gift from Trog
 28177 | Snake:4  | Received a gift from Trog
 28644 | Snake:4  | Noticed Vashnia
 29135 | Snake:4  | Shot with an arrow by Vashnia

Skill      XL: |  1  2  3  4  5  6  7  8  9 10 11 12 13 14 15 16 17 |
---------------+----------------------------------------------------+-----
Axes           | 4 5 6 8 9 11 12 14 16 17 19 20 | 20.0
Fighting       | 4 5 6 7 8 9 11 12 13 14 15 17 18 | 18.4
Armour         | 3 4 5 6 8 9 10 11 13 14 15 17 18 | 18.3
Dodging        | 3 4 5 6 7 8 9 11 12 13 14 15 17 | 17.0

Action                   |  1- 3 |  4- 6 |  7- 9 | 10-12 | 13-15 | 16-18 || total
-------------------------+-------+-------+-------+-------+-------+-------++-------
Melee: Hand axe          |    87 |   166 |    53 |       |       |       ||   306
       Headbutt          |    18 |    23 |    57 |   144 |   297 |   220 ||   759
       War axe           |       |       |   198 |   305 |       |       ||   503
       Battleaxe         |       |       |       |   270 |  1189 |   883 ||  2342
Invok: Berserk           |     1 |     3 |     8 |    14 |    12 |     5 ||    43
       Trog's Hand       |       |     1 |     1 |       |     2 |       ||     4
       Brothers in Arms  |       |       |     1 |     9 |     2 |     2 ||    14
Evoke: Wand              |       |       |       |     1 |       |       ||     1
  Use: Scroll            |       |     1 |    10 |     7 |    15 |    13 ||    46
       Potion            |       |     1 |     1 |       |       |     1 ||     3
  Eat: Chunk             |     1 |     9 |    19 |    35 |    36 |    15 ||   115
       Ration            |       |       |       |     2 |     6 |     4 ||    12
Armor: Animal skin       |     7 |       |       |       |       |       ||     7
       Ring mail         |    18 |    21 |       |       |       |       ||    39
       Chain mail        |       |    45 |   110 |       |       |       ||   155
       Plate armour      |       |       |    44 |   405 |   637 |   527 ||  1613
Dodge: Dodged            |    57 |    75 |   124 |   318 |   771 |   670 ||  2015
